 Dungeon Crawl Stone Soup version 0.25.0-9-g26727b657a (webtiles) character file.

Game seed: 17424368757668662068

4962 Dirian the Carver (level 10, -3/88 HPs)
             Began as a Minotaur Fighter on June 17, 2020.
             Was a Believer of Zin.
             Slain by a thrashing horror (4 damage)
             ... on level 1 of the Abyss.
             The game lasted 00:20:00 (8773 turns).

Dirian the Carver (Minotaur Fighter)                Turns: 8773, Time: 00:20:01

Health: -3/88      AC: 13    Str: 24    XL:     10   Next: 28%
Magic:  12/12      EV:  6    Int:  7    God:    Zin [**....]
Gold:   350        SH: 12    Dex: 14    Spells: 9/9 levels left

rFire    . . .     SeeInvis .   a - +1 long sword (elec)
rCold    . . .     Gourm    .   c - +1 kite shield
rNeg     . . .     Faith    .   v - +0 chain mail
rPois    ∞         Spirit   .   (helmet restricted)
rElec    .         Reflect  .   (no cloak)
rCorr    .         Harm     .   B - +1 pair of gloves {archery}
MR       .....                  (no boots)
Stlth    ..........             j - amulet of regeneration
HPRegen  0.64/turn              o - ring of poison resistance
MPRegen  0.13/turn              (no ring)

@: vitalised
A: retaliatory headbutt, horns 2
a: Recite, Vitalisation, Donate Gold, Renounce Religion


You were on level 1 of the Abyss.
You worshipped Zin.
Zin was pleased with you.
You were not hungry.

You visited 2 branches of the dungeon, and saw 9 of its levels.
You visited the Abyss 1 time.
You also visited: Ossuary.

You collected 388 gold pieces.
You donated 38 gold pieces to Zin.

Inventory:

Hand Weapons
 a - a +1 long sword of electrocution (weapon)
Armour
 c - a +1 kite shield (worn)
 v - a +0 chain mail (worn)
 B - a +1 pair of gloves of archery (worn)
Jewellery
 j - an amulet of regeneration (around neck)
 o - a ring of poison resistance (left hand)
Wands
 g - a wand of paralysis (9)
 k - a wand of acid (4)
 l - a wand of iceblast (15)
 w - a wand of flame (8)
Scrolls
 m - a scroll of immolation
 r - 3 scrolls of identify
 t - 3 scrolls of teleportation
 u - 2 scrolls of enchant weapon
 x - 3 scrolls of remove curse
 z - 2 scrolls of blinking
Potions
 d - 3 potions of might
 f - 2 potions of flight
 h - 4 potions of haste
 i - 2 potions of invisibility
 q - 5 potions of curing
 A - a potion of berserk rage
Miscellaneous
 b - a box of beasts
Comestibles
 e - 22 rations


   Skills:
 + Level 8.0 Fighting
 + Level 13.1 Long Blades
 - Level 7.5 Armour
 - Level 6.6 Shields
 * Level 4.0 Invocations


You had 9 spell levels left.
You didn't know any spells.
Your spell library contained the following spells:

 Spells                   Type           Power        Failure   Level  Hunger
 Magic Dart               Conj           #...         100%        1    ##.....
 Blink                    Tloc           N/A          100%        2    ###....
 Call Imp                 Summ           #.......     100%        2    ###....
 Searing Ray              Conj           #.....       100%        2    ###....
 Slow                     Hex            #.......     100%        2    ###....
 Conjure Flame            Conj/Fire      #.......     100%        3    ####...
 Dazzling Flash           Conj/Hex       #.....       100%        3    ####...
 Mephitic Cloud           Conj/Pois/Air  #.......     100%        3    ####...
 Fulminant Prism          Conj/Hex       #.........   100%        4    #####..
 Iskenderun's Mystic Bla  Conj/Tloc      #.......     100%        4    #####..


Dungeon Overview and Level Annotations

Branches:
Dungeon (8/15)             Temple (1/1) D:5            Lair (0/6) D:8
Ossuary (visited)

Altars:
Ashenzari
Cheibriados
Dithmenos
Elyvilon
Fedhas
Gozag
Hepliaklqana
Kikubaaqudgha
Makhleb
Nemelex Xobeh
Okawaru
Qazlal
Ru
Sif Muna
Trog
Uskayaw
Vehumet
Wu Jian
Xom
Yredelemnul
Zin
The Shining One

Annotations:
D:8 Enish's ghost, novice MiBe


Innate Abilities, Weirdness & Mutations

You reflexively headbutt those who attack you in melee.
You have a pair of horns on your head.


Message History

A spatial vortex comes into view.
The thrashing horror tramples you! Zin protects you from harm!
You hold your ground!
The thrashing horror tramples you but does no damage.
The thrashing horror roars!
The thrashing horror barely misses you.
You block the thrashing horror's attack.
The Executioner gestures.
The Executioner seems to speed up.
The spatial maelstrom barely misses you.
You furiously retaliate!
You headbutt the spatial maelstrom! The spatial maelstrom hits you!
Zin protects you from harm! Space bends around you.
* * * LOW HITPOINT WARNING * * *
The thrashing horror tramples you! Zin protects you from harm!
You hold your ground!
The thrashing horror tramples you.
You die...

#..≈.#≈.z.≈##.##
≈≈≈≈.≈#.x###...#
#.≈≈#≈.#.##...#
##.≈≈.#....#.#
.#≈♣#...h#x..#
#≈≈..#.h#...##
≈≈≈..≈≈#1.v##
#≈.v...Xv...#
#.#...#@#.v...#
#.#.v##..####
#.... .###
#.v..#. .
.#..... # #.. .#
... .. ..# .#


You could see a spatial maelstrom, an Executioner (fast), 4 spatial vortices, a
thrashing horror and a small abomination.

Vanquished Creatures
  4 hornets (D:8)
  A hippogriff (D:8)
  A hungry ghost (D:8)
  Edmund (D:4)
  An orc warrior (D:8)
  A sky beast (D:6)
  An ice beast (D:6)
  2 phantoms
  A necrophage (D:8)
  5 ogres
  4 centaurs
  An elf zombie (Ossuary)
  3 bullfrogs
  A gnoll sergeant (D:3)
  5 killer bees (D:8)
  3 howler monkeys
  6 crimson imps
  3 bullfrog zombies (D:5)
  4 hounds
  A quasit (Abyss:1)
  2 bullfrog skeletons (D:5)
  3 centaur zombies
  A jelly (D:8)
  2 human zombies (Ossuary)
  2 orc priests
  Jessica (D:3)
  Ijyb (D:3)
  5 iguanas
  6 orc wizards
  6 worker ants
  A big kobold zombie (Ossuary)
  A hound zombie (D:8)
  5 hound skeletons
  2 mummies (Ossuary)
  A howler monkey zombie (D:3)
  A worker ant zombie (D:5)
  23 gnolls
  12 adders
  A shadow imp (D:8)
  An ufetubus (Abyss:1)
  2 oozes
  2 adder skeletons
  2 worms (D:2)
  2 dart slugs
  5 leopard geckos
  21 orcs
  6 bats
  7 giant cockroaches
  4 goblins
  2 hobgoblins (D:1)
  5 jackals
  4 quokkas
  4 frilled lizards
  A giant cockroach zombie (D:5)
  4 goblin zombies
  9 hobgoblin zombies
  A jackal skeleton (D:4)
  2 jackal zombies (Ossuary)
  6 kobolds
  2 kobold skeletons (D:4)
  7 kobold zombies (Ossuary)
  2 leopard gecko skeletons
  14 orc zombies
  A quokka zombie (D:5)
  9 rats
250 creatures vanquished.

Vanquished Creatures (others)
  2 fungi (D:8)
  2 plants (D:8)
  8 starspawn tentacles (Abyss:1)
12 creatures vanquished.

Grand Total: 262 creatures vanquished

Notes
Turn   | Place    | Note
-------+----------+-------------------------------------------
     0 | D:1      | Dirian the Minotaur Fighter began the quest for the Orb.
     0 | D:1      | Reached XP level 1. HP: 19/19 MP: 0/0
   154 | D:1      | Found a shattered altar of Ashenzari.
   344 | D:1      | Reached XP level 2. HP: 26/27 MP: 1/1
   984 | D:2      | Reached skill level 3 in Long Blades
   984 | D:2      | Reached XP level 3. HP: 33/33 MP: 2/2
  1436 | D:2      | Reached XP level 4. HP: 40/40 MP: 3/3
  1990 | D:3      | Reached skill level 4 in Long Blades
  2264 | D:3      | Noticed Ijyb
  2269 | D:3      | Reached XP level 5. HP: 39/47 MP: 4/4
  2273 | D:3      | Paralysed by Ijyb for 5 turns
  2278 | D:3      | Killed Ijyb
  2501 | D:3      | Reached skill level 5 in Long Blades
  2832 | D:3      | Found an iron altar of Okawaru.
  2846 | D:3      | Noticed a phantom
  2862 | D:3      | Killed a phantom
  2862 | D:3      | Reached skill level 5 in Armour
  2862 | D:3      | Reached XP level 6. HP: 29/53 MP: 5/5
  3211 | D:3      | Noticed Jessica
  3218 | D:3      | Killed Jessica
  3368 | D:4      | Reached skill level 5 in Shields
  3412 | D:4      | Reached skill level 6 in Long Blades
  3420 | D:4      | Reached XP level 7. HP: 51/60 MP: 6/6
  3430 | D:4      | Found a glowing golden altar of the Shining One.
  3532 | D:4      | Noticed Edmund
  3578 | D:4      | Reached skill level 5 in Fighting
  3604 | D:4      | Found a sand-covered staircase.
  3609 | Ossuary  | Entered an ossuary
  3846 | Ossuary  | Reached skill level 7 in Long Blades
  4053 | D:3      | Reached skill level 8 in Long Blades
  4177 | D:4      | Killed Edmund
  4177 | D:4      | Reached XP level 8. HP: 43/69 MP: 7/7
  4977 | D:5      | Entered Level 5 of the Dungeon
  5042 | D:5      | Reached skill level 9 in Long Blades
  5565 | D:5      | Reached skill level 10 in Long Blades
  5640 | D:5      | Found a staircase to the Ecumenical Temple.
  5756 | Temple   | Entered the Ecumenical Temple
  5803 | Temple   | Became a worshipper of Zin the Law-Giver
  5803 | Temple   | Reached * piety under Zin
  5889 | D:6      | Reached ** piety under Zin
  5962 | D:6      | Reached XP level 9. HP: 75/75 MP: 8/8
  6083 | D:6      | Found a stormy altar of Qazlal.
  6083 | D:6      | Found an opulent altar of Gozag.
  6166 | D:6      | Found a shadowy altar of Dithmenos.
  6398 | D:6      | Reached skill level 11 in Long Blades
  6398 | D:6      | Reached skill level 1 in Invocations
  6606 | D:6      | Found a hide-covered altar of Uskayaw.
  6616 | D:6      | Found a hazy altar of Hepliaklqana.
  6620 | D:6      | Found a sacrificial altar of Ru.
  7373 | D:8      | Reached skill level 12 in Long Blades
  8077 | D:8      | Reached XP level 10. HP: 78/86 MP: 8/11
  8174 | D:8      | Reached skill level 13 in Long Blades
  8215 | D:8      | Noticed Enish's ghost (novice MiBe)
  8216 | D:8      | Found a runed translucent gate.
  8216 | D:8      | Found a runed translucent gate.
  8216 | D:8      | Found a runed translucent gate.
  8234 | D:8      | Found a staircase to the Lair.
  8403 | D:8      | Reached *** piety under Zin
  8629 | D:8      | Cast into level 1 of the Abyss (big kobold)
  8629 | Abyss:1  | Found a corrupted altar of Lugonu.
  8718 | Abyss:1  | Noticed a tentacled starspawn
  8743 | Abyss:1  | Noticed a thrashing horror
  8766 | Abyss:1  | Noticed a spatial maelstrom
  8768 | Abyss:1  | HP: 3/88 [thrashing horror (4)]
  8770 | Abyss:1  | Noticed an Executioner
  8772 | Abyss:1  | Zin protects you from harm!
  8773 | Abyss:1  | Zin protects you from harm!
  8773 | Abyss:1  | HP: 1/88 [spatial maelstrom (4)]
  8773 | Abyss:1  | Zin protects you from harm!
  8773 | Abyss:1  | Slain by a thrashing horror

Illustrated notes

Levels and vault maps discovered:
D:1:      scummos_arrival_simple_fountains, layout_loops_corners,
          ashenzari_altar_1
D:2:      layout_basic, first_ration
D:3:      layout_loops_cross, okawaru_metal_pillars_3, uniq_jessica, uniq_ijyb
D:4:      layout_gridville, nicolae_tso_besieged_by_evil, enter_ossuary_2,
          lightli_minifort, uniq_edmund
D:5:      layout_loops_ring, minmay_temple_entry_proselytizer, serial_undead,
          serial_undead_c, serial_undead_c, serial_undead_f, serial_undead_a
D:6:      layout_basic, gammafunk_temple_overflow_elements,
          minmay_overflow_temple_star_quad, serial_corexii_hall,
          corexii_hall_statues_s, chequers_hall_statues_corner_a,
          minmay_ruined_shrine
D:7:      layout_loops_cross
D:8:      layout_basic, lair_entry_dummy, gammafunk_ghost_nasty_kobolds,
          hangedman_pestilent_swarm
Temple:   eino_wide_crystal_templ
Abyss:1:  base:
D:12

Skill      XL: |  1  2  3  4  5  6  7  8  9 10 |
---------------+-------------------------------+-----
Fighting       | 4 5 6 7 8 |  8.0
Shields        | 4 5 6 |  6.6
Long Blades    | 3 4 5 6 8 10 12 13 | 13.1
Armour         | 4 5 6 7 |  7.5
Invocations    | 3 4 |  4.0

Action                   |  1- 3 |  4- 6 |  7- 9 | 10-12 || total
-------------------------+-------+-------+-------+-------++-------
Melee: Long sword        |    77 |   121 |   478 |    24 ||   700
       Headbutt          |     9 |    21 |   101 |     3 ||   134
Invok: Recite            |       |       |     4 |     1 ||     5
       Vitalisation      |       |       |     2 |     2 ||     4
  Use: Potion            |       |     2 |     4 |       ||     6
       Scroll            |       |     6 |    13 |     2 ||    21
 Stab: Distracted        |       |       |       |     1 ||     1
  Eat: Chunk             |     2 |     6 |    14 |       ||    22
       Ration            |       |       |     1 |     1 ||     2
Armor: Scale mail        |    29 |    45 |   149 |     3 ||   226
       Chain mail        |       |       |       |    27 ||    27
Dodge: Dodged            |    20 |    33 |   148 |    12 ||   213
Block: Kite shield       |    36 |    52 |   243 |    40 ||   371
       Rpst.: Long sword |     8 |     6 |    31 |     1 ||    46
